Map: 애씨드 플랜트 - 래더

Players

Solar - Winner!

  • Race: Zerg Zerg
  • League: Platinum
  • Spawn Location: 5:00

Clem

  • Race: Terran Terran
  • League: Master
  • Spawn Location: 11:00

Event: HomeStory Cup XVIII

VOD

Have the link to the VOD?

Description

Time

  • Played on: Nov. 23, 2018, 9:27 a.m.
  • Length: 13:46

All games in this series

Show
View Real Time Build Order
Export as new Build Order

Solar Zerg - Winner!

Build Orders: Hatch First 

Get SALT Encoding   

  12  0:01  Drone  
  13  0:12  Overlord  
  13  0:17  Drone  
  14  0:31  Drone x2  
  16  0:47  Hatchery  
  15  0:52  Drone  
  15  0:55  Drone  
  17  1:01  Drone  
  18  1:09  Extractor  
  17  1:15  Spawning Pool  
  17  1:17  Drone  
  17  1:20  Drone  
  18  1:29  Drone  
  20  1:40  Drone  
  20  1:59  Hatchery  
  19  2:02  Queen  
  19  2:03  Zergling x2  
  19  2:05  Zergling x2  
  23  2:10  Metabolic Boost  
  23  2:14  Drone  
  24  2:18  Drone  
  24  2:22  Overlord  
  25  2:29  Extractor  
  24  2:32  Queen  
  27  2:37  Drone  
  27  2:41  Drone x2  
  30  2:47  Queen  
  30  2:50  Drone  
  33  2:51  Drone  
  33  2:55  Drone  
  33  2:57  Drone  
  36  3:00  Overlord  
  36  3:11  Drone x3  
  39  3:14  Queen  
  39  3:16  Drone  
  42  3:20  Drone  
  42  3:23  Drone  
  42  3:26  Queen  
  46  3:29  Drone x2  
  46  3:33  Overlord  
  48  3:40  Drone x2  
  50  3:42  Overlord  
  50  3:49  Overlord  
  50  3:50  Queen  
  50  3:52  Drone x2  
  50  3:53  Drone  
  56  3:55  Drone  
  56  4:01  Drone x4  
  60  4:04  Zergling x2  
  60  4:05  Zergling x2  
  60  4:06  Zergling x2  
  63  4:13  Drone  
  63  4:15  Overlord, Spore Crawler  
  63  4:16  Spore Crawler  
  62  4:17  Drone  
  62  4:18  Drone  
  62  4:19  Drone  
  62  4:23  Lair  
  65  4:27  Extractor x2, Drone  
  65  4:30  Drone x2  
  66  4:34  Baneling Nest  
  66  4:35  Drone x2  
  66  4:37  Drone  
  68  4:41  Overlord  
  68  4:42  Drone x2  
  68  4:43  Drone  
  68  4:44  Drone  
  68  4:45  Drone  
  73  4:46  Drone  
  73  4:49  Spore Crawler  
  73  4:54  Drone x2, Evolution Chamber  
  73  4:59  Drone x4  
  76  5:05  Zergling x2  
  77  5:08  Zergling x4  
  79  5:14  Zergling x2  
  79  5:15  Zergling x2  
  79  5:16  Overlord  
  79  5:17  Overlord  
  79  5:20  Extractor  
  80  5:21  Extractor  
  80  5:22  Zerg Ground Armor Level 1  
  80  5:23  Evolution Chamber, Centrifical Hooks  
  80  5:26  Drone x2  
  80  5:27  Drone  
  81  5:32  Overlord  
  81  5:34  Overlord  
  81  5:36  Drone  
  81  5:38  Drone  
  81  5:39  Drone  
  84  5:48  Drone x2  
  86  5:50  Hatchery, Zergling x6  
  86  5:53  Drone x3  
  91  6:02  Overlord  
  92  6:04  Zergling x10  
  92  6:09  Baneling  
  92  6:10  Zerg Melee Weapons Level 1, Baneling x4  
  92  6:11  Baneling x3  
  96  6:12  Overseer  
  96  6:14  Zergling x6  
  96  6:15  Hydralisk Den  
  98  6:23  Drone x3, Zergling x2  
  98  6:24  Zergling x6  
  105  6:28  Zergling x8  
  105  6:31  Pneumatized Carapace, Overlord  
  109  6:34  Zergling x2  
  109  6:40  Drone  
  109  6:41  Overlord  
  109  6:46  Drone  
  110  6:49  Zergling x8  
  110  6:54  Zergling x8  
  116  7:00  Zergling x6  
  117  7:03  Zergling x6  
  117  7:05  Queen  
  117  7:07  Overlord  
  113  7:19  Hydralisk x6  
  113  7:20  Hydralisk  
  113  7:22  Grooved Spines  
  118  7:23  Hydralisk  
  118  7:24  Hydralisk x5  
  118  7:26  Baneling x3  
  130  7:32  Zergling x4  
  130  7:34  Zerg Ground Armor Level 2  
  130  7:36  Zergling x4  
  134  7:41  Overlord  
  136  7:47  Zergling x6  
  136  7:48  Zergling x2  
  139  7:54  Zergling x6  
  139  7:55  Zergling x2  
  139  7:58  Zergling x2  
  139  7:59  Zergling x12  
  139  8:01  Hydralisk  
  136  8:06  Hydralisk  
  136  8:09  Hydralisk x2, Baneling x7  
  128  8:21  Zerg Melee Weapons Level 2, Hatchery  
  128  8:23  Zergling x2  
  128  8:24  Zergling x14  
  128  8:26  Extractor  
  134  8:27  Infestation Pit  
  134  8:29  Zergling x6  
  134  8:31  Overlord  
  134  8:33  Overlord x2  
  134  8:34  Muscular Augments  
  134  8:49  Zergling x4  
  134  8:50  Zergling x6  
  134  8:51  Hatchery  
  134  8:53  Baneling x6  
  138  8:57  Drone x2  
  138  8:59  Drone  
  138  9:00  Drone x2, Hydralisk x2  
  138  9:01  Hydralisk  
  149  9:09  Zergling x2  
  150  9:16  Zergling x4  
  151  9:19  Hive  
  151  9:21  Spire, Zergling x4  
  151  9:22  Zergling x6  
  155  9:29  Drone, Overlord  
  155  9:30  Overlord x2  
  156  9:34  Drone x2  
  158  9:39  Baneling x2  
  158  9:40  Zergling x2, Baneling x5  
  158  9:41  Zergling x2  
  160  9:46  Zergling x10  
  160  9:47  Zergling x2  
  160  9:48  Zergling x2  
  160  9:50  Zergling x2  
  160  9:51  Extractor  
  165  9:58  Zergling x8  
  166  10:03  Zergling x4  
  166  10:04  Zergling x6  
  158  10:10  Baneling  
  158  10:11  Baneling x3  
  158  10:12  Baneling x4  
  158  10:14  Zergling x14  
  158  10:16  Zergling x4  
  158  10:20  Zergling x2  
  155  10:23  Zergling x6  
  155  10:25  Zergling x4  
  152  10:30  Zergling x2  
  152  10:31  Baneling x3  
  152  10:32  Baneling x5  
  152  10:34  Zergling x2  
  152  10:35  Zergling x2  
  152  10:39  Viper x2  
  152  10:41  Viper  
  159  10:43  Zergling x4  
  152  10:50  Zergling x2  
  152  10:51  Zergling x14  
  158  10:58  Greater Spire  
  158  11:03  Zergling x2  
  158  11:04  Zergling x18  
  168  11:05  Baneling  
  168  11:06  Baneling x5  
  168  11:14  Hydralisk x2  
  168  11:15  Zergling x2  
  168  11:16  Zergling x8  
  168  11:18  Zergling x4  
  179  11:22  Zergling x4  
  174  11:30  Corruptor x3  
  179  11:33  Corruptor  
  179  11:35  Corruptor  
  180  11:40  Corruptor  
  180  11:44  Zergling x10  
  184  11:50  Zergling x10  
  184  11:52  Baneling x5  
  184  11:53  Baneling  
  174  12:04  Zergling x2  
  174  12:05  Zergling x20  
  177  12:17  Brood Lord x3  
  177  12:20  Brood Lord  
  184  12:23  Unknown  
  184  12:24  Unknown  
  184  12:25  Brood Lord  
  184  12:28  Brood Lord  
  187  12:30  Baneling x2  
  187  12:34  Overlord  
  187  12:40  Zergling x10  
  187  12:41  Zergling x2  
  191  12:46  Zergling x10  
  187  12:53  Baneling x9  
  187  12:55  Hydralisk  
  187  12:56  Hatchery  
  185  13:00  Unknown  
  185  13:02  Zergling x2  
  185  13:03  Zergling x10  
  185  13:05  Zergling x6  
  187  13:08  Hydralisk x2  
  187  13:12  Zergling x2  
  187  13:15  Zergling x2  
  187  13:16  Zergling x6  
  191  13:20  Zergling x8  
  191  13:24  Zergling x6  
  191  13:26  Zergling x4  
  186  13:36  Unknown  
  183  13:45  Unknown x2  
Show
View Real Time Build Order
Export as new Build Order

Clem Terran 

Build Orders: Liberator Opening, Reaper Expand 

Get SALT Encoding   

  12  0:00  SCV  
  13  0:13  SCV  
  14  0:17  Supply Depot  
  14  0:25  SCV  
  15  0:38  SCV  
  15  0:39  Barracks  
  16  0:44  Refinery  
  16  0:50  SCV  
  17  1:02  SCV  
  18  1:15  SCV  
  19  1:27  Reaper  
  19  1:28  Orbital Command  
  20  1:40  Command Center  
  20  1:48  Supply Depot  
  20  1:53  SCV  
  21  1:59  Marine  
  22  2:05  Factory  
  23  2:08  SCV  
  23  2:13  Refinery  
  23  2:20  SCV  
  23  2:21  Barracks Reactor  
  24  2:32  SCV  
  25  2:44  SCV  
  25  2:50  Starport  
  26  2:51  Orbital Command  
  26  2:56  SCV  
  27  3:02  Hellion x2  
  27  3:05  Barracks Tech Lab  
  31  3:09  SCV  
  32  3:18  Supply Depot, SCV  
  32  3:19  Liberator  
  33  3:21  SCV  
  33  3:26  Hellion x2  
  38  3:30  SCV  
  39  3:40  SCV  
  43  3:42  SCV  
  43  3:44  Supply Depot  
  44  3:53  Hellion x2  
  44  3:55  Barracks Tech Lab  
  48  3:56  SCV x2  
  50  4:08  SCV x2  
  52  4:14  Command Center  
  52  4:21  Supply Depot, Stimpack, SCV  
  52  4:23  SCV  
  54  4:25  Factory Reactor  
  54  4:28  Marine  
  55  4:33  Starport Reactor  
  55  4:34  Barracks  
  55  4:36  SCV, Barracks  
  56  4:46  Engineering Bay x2, Marine  
  56  4:49  SCV  
  56  4:51  SCV  
  59  5:01  SCV  
  59  5:03  Marine, SCV  
  62  5:07  Refinery  
  62  5:08  Refinery  
  62  5:14  Terran Infantry Weapons Level 1, Terran Infantry Armor Level 1, SCV  
  63  5:15  SCV  
  63  5:16  Siege Tank  
  63  5:19  Supply Depot  
  67  5:23  Marine x2  
  67  5:26  SCV  
  70  5:29  Orbital Command  
  70  5:30  Marine x2  
  70  5:33  SCV  
  73  5:37  Medivac  
  73  5:38  Medivac  
  73  5:42  Supply Depot, Marine x2  
  79  5:45  SCV  
  79  5:48  Marine x2  
  82  5:51  Orbital Command  
  82  5:53  Marine  
  82  5:54  Siege Tank  
  86  5:59  Armory  
  86  6:02  Supply Depot, Marine x2  
  86  6:03  SCV  
  89  6:09  Marine x2  
  91  6:13  Barracks  
  91  6:14  SCV  
  91  6:16  SCV, Barracks  
  91  6:21  Combat Shield, SCV  
  91  6:23  Medivac  
  94  6:28  Medivac  
  96  6:37  Supply Depot, SCV x2  
  96  6:38  Supply Depot x2  
  96  6:39  Siege Tank  
  101  6:43  Marine x2  
  101  6:44  Marine, SCV  
  105  6:49  Marine x2  
  107  6:59  Medivac  
  107  7:01  Marine, SCV  
  110  7:02  Barracks x2  
  110  7:03  Barracks, SCV  
  110  7:07  Marine x2  
  114  7:13  Siege Tank  
  114  7:16  Marine  
  114  7:17  SCV  
  114  7:19  Medivac  
  114  7:20  Marine x2  
  114  7:21  SCV  
  109  7:27  Bunker, Marine, SCV  
  109  7:29  Supply Depot  
  111  7:33  Barracks Reactor  
  111  7:38  Marine x2, Barracks Reactor  
  113  7:45  Siege Tank  
  113  7:47  Marine x2  
  113  7:48  Marine  
  119  7:51  Marine  
  119  7:52  SCV  
  119  7:53  Marine  
  119  7:56  Marine  
  113  8:02  Marine  
  113  8:03  SCV  
  103  8:05  Marine  
  103  8:10  SCV x2  
  94  8:17  Siege Tank  
  94  8:18  Barracks Reactor x3  
  92  8:21  Marine  
  92  8:22  Marine x6  
  92  8:26  Terran Infantry Weapons Level 2  
  92  8:27  SCV x2  
  98  8:30  Marine x2  
  100  8:38  Marine, SCV  
  100  8:39  Terran Infantry Armor Level 2, Marine, SCV  
  100  8:40  Marine x3  
  107  8:46  Marine x2  
  107  8:48  Marine  
  108  8:51  Marine  
  108  8:54  Terran Vehicle Weapons Level 1  
  109  8:55  Marine  
  109  8:56  Marine x5  
  109  8:57  Marine  
  109  8:58  Marine x2  
  118  9:03  Supply Depot  
  118  9:05  Medivac  
  118  9:06  Marine x4  
  118  9:09  Supply Depot  
  124  9:15  Marine  
  125  9:21  Marine x5  
  125  9:22  Marine  
  125  9:24  Supply Depot x2  
  131  9:25  Marine x4  
  131  9:26  Marine  
  131  9:30  Siege Tank  
  139  9:35  Marine  
  139  9:36  Supply Depot, Sensor Tower  
  139  9:37  Marine  
  141  9:46  Marine  
  141  9:47  Marine x3  
  141  9:50  Marine x3  
  148  9:56  Supply Depot  
  148  9:57  Medivac  
  148  9:58  Medivac  
  152  10:02  Siege Tank  
  149  10:12  Marine  
  141  10:14  Marine x3  
  141  10:21  Marine  
  137  10:27  Medivac  
  137  10:28  Medivac  
  130  10:30  Marine x2  
  130  10:34  Siege Tank  
  122  10:36  Marine  
  111  10:47  SCV  
  111  10:48  SCV  
  104  10:51  SCV  
  104  10:55  Marine x8  
  113  10:59  Terran Infantry Weapons Level 3  
  113  11:00  Marine x4  
  113  11:02  SCV x2  
  113  11:03  SCV  
  120  11:07  Medivac x2  
  123  11:13  Marine x3  
  123  11:14  Marine x3  
  123  11:16  Marine x2  
  130  11:18  Marine  
  130  11:20  Marine, Siege Tank  
  130  11:24  Marine x3  
  136  11:26  Liberator  
  136  11:27  Liberator  
  136  11:32  Marine x3  
  139  11:40  Marine x6  
  148  11:48  Marine  
  148  11:50  Marine x4  
  148  11:51  Marine  
  148  11:52  Marine  
  148  11:53  Marine x2  
  151  11:58  Marine  
  145  12:04  Siege Tank  
  145  12:05  Marine x2  
  146  12:12  Marine x5  
  150  12:15  Marine  
  150  12:16  Marine  
  151  12:26  Medivac  
  150  12:30  Medivac  
  150  12:31  Marine x6  
  150  12:36  Siege Tank  
  161  12:37  Marine x3  
  161  12:40  Marine x3  
  149  12:45  Marine x2  
  138  12:55  Marine x2  
  114  13:15  Marine, Medivac  
  114  13:19  Marine  
  116  13:23  Marine  
  116  13:24  Marine  
  116  13:25  Marine  
Tags
 
Add a new tag
Caveats
  • Supply blocks, unpowered buildings, or Contaminate may cause inaccurate times.
  • Supply counts are checked every 10 seconds.